SNL (28 & UNDER)
MEMPHIS BLUES @ NEW HAMPSHIRE FISHER CATS
09/17/2024
 
TOP OF THE 1ST
Memphis Blues batting - Pitching for New Hampshire Fisher Cats : RHP Grady Connolly
Pitching: RHP Grady Connolly
Batting: RHB Jorge Domínguez 0-0: Ball
1-0: Fly out, F9 (Flyball, 89M)
Batting: RHB Cal Keys 0-0: Fly out, F4 (Popup, 34D)
Batting: RHB Sadao Kato 0-0: Ball
1-0: Ground out 6-3 (Groundball, 6)
Top of the 1st over - 0 run(s), 0 hit(s), 0 error(s), 0 left on base; Memphis 0 - New Hampshire 0
BOTTOM OF THE 1ST
New Hampshire Fisher Cats batting - Pitching for Memphis Blues : LHP Esteban Peña
Pitching: LHP Esteban Peña
Batting: RHB Mitsuoki Taguchi 0-0: Ball
1-0: Ball
2-0: Ball
3-0: Called Strike
3-1: Base on Balls
Batting: RHB Felipe Rivas 0-0: Ball
1-0: Foul Ball, location: 2F
1-1: Swinging Strike
1-2: Foul Ball, location: 2F
1-2: Ball
2-2: Ground out 5-3 (Groundball, 56S)
Mitsuoki Taguchi to second
Batting: RHB Billy Campbell 0-0: Swinging Strike
0-1: Ball
1-1: Foul Ball, location: 2F
1-2: Strikes out swinging
Batting: RHB Chris Parker 0-0: Foul Ball, location: 2F
0-1: Foul Ball, location: 2F
0-2: Fly out, F3 (Line Drive, 3)
Bottom of the 1st over - 0 run(s), 0 hit(s), 0 error(s), 1 left on base; Memphis 0 - New Hampshire 0
TOP OF THE 2ND
Memphis Blues batting - Pitching for New Hampshire Fisher Cats : RHP Grady Connolly
Batting: LHB Mel Jones 0-0: Swinging Strike
0-1: Ball
1-1: Swinging Strike
1-2: Strikes out swinging
Batting: RHB Javier Ramírez 0-0: Foul Ball, location: 2F
0-1: SINGLE (Groundball, 4D)
Batting: RHB Glenn Johnson 0-0: Ball
1-0: Ball
2-0: Ball
3-0: Fly out, F7 (Flyball, 78M)
Batting: LHB John Foster 0-0: Ball
1-0: Swinging Strike
1-1: Ball
Pickoff Throw to First - Error! E1
Javier Ramírez to second
2-1: Swinging Strike
2-2: Ball
3-2: Strikes out swinging
Top of the 2nd over - 0 run(s), 1 hit(s), 1 error(s), 1 left on base; Memphis 0 - New Hampshire 0
BOTTOM OF THE 2ND
New Hampshire Fisher Cats batting - Pitching for Memphis Blues : LHP Esteban Peña
Batting: RHB Lu-fang Huie 0-0: Ball
1-0: Foul Ball, location: 2F
1-1: SINGLE (Groundball, 6M)
Batting: RHB Júlio Trinidad 0-0: Ball
Lu-fang Huie is caught stealing 2nd base
1-0: Foul Ball, location: 2F
1-1: Ball
2-1: Ground out 5-3 (Groundball, 5L)
Batting: RHB Benjamin Lawson 0-0: Ball
1-0: DOUBLE (Flyball, 78M)
Batting: RHB Tim Robertson 0-0: Ball
1-0: Called Strike
1-1: Ground out 4-3 (Groundball, 34)
Bottom of the 2nd over - 0 run(s), 2 hit(s), 0 error(s), 1 left on base; Memphis 0 - New Hampshire 0
TOP OF THE 3RD
Memphis Blues batting - Pitching for New Hampshire Fisher Cats : RHP Grady Connolly
Batting: RHB Artie Green 0-0: Ball
1-0: Swinging Strike
1-1: Foul Ball, location: 2F
1-2: Foul Ball, location: 2F
1-2: Strikes out swinging
Batting: RHB David Crespo 0-0: Called Strike
0-1: Called Strike
0-2: Strikes out swinging
Batting: RHB Jorge Domínguez 0-0: Ball
1-0: Called Strike
1-1: Ball
2-1: Called Strike
2-2: Foul Ball, location: 2F
2-2: Ball
3-2: Strikes out looking
Top of the 3rd over - 0 run(s), 0 hit(s), 0 error(s), 0 left on base; Memphis 0 - New Hampshire 0
BOTTOM OF THE 3RD
New Hampshire Fisher Cats batting - Pitching for Memphis Blues : LHP Esteban Peña
Batting: RHB Santiago Vallés 0-0: Foul Ball, location: 2F
0-1: Fly out, F3 (Popup, 3)
Batting: RHB Mitsuoki Taguchi 0-0: Called Strike
0-1: Ball
1-1: SINGLE (Groundball, 5)
Batting: RHB Felipe Rivas 0-0: Called Strike
0-1: Ball
Mitsuoki Taguchi steals 2nd base
1-1: Foul Ball, location: 2F
1-2: Ball
2-2: Foul Ball, location: 2F
2-2: SINGLE (Line Drive, 8LS)
Mitsuoki Taguchi to third
Runner from 3rd tries for Home, SAFE, no throw or cutoff
Batting: RHB Billy Campbell 0-0: Ball
1-0: Called Strike
1-1: Called Strike
1-2: Fly out, F8 (Flyball, 8LD)
Batting: RHB Chris Parker 0-0: Called Strike
0-1: Ball
1-1: SINGLE (Groundball, 34D)
Felipe Rivas to second
Runner from 2nd tries for 3rd, SAFE, throw made to third
Batting: RHB Lu-fang Huie 0-0: Called Strike
0-1: Fielders Choice at 2nd, U6 (Groundball, 6M)
Bottom of the 3rd over - 1 run(s), 3 hit(s), 0 error(s), 2 left on base; Memphis 0 - New Hampshire 1
TOP OF THE 4TH
Memphis Blues batting - Pitching for New Hampshire Fisher Cats : RHP Grady Connolly
Batting: RHB Cal Keys 0-0: Swinging Strike
0-1: Swinging Strike
0-2: Strikes out looking
Batting: RHB Sadao Kato 0-0: Fly out, F4 (Popup, 34D)
Batting: LHB Mel Jones 0-0: Called Strike
0-1: Called Strike
0-2: Ball
1-2: Ball
2-2: Fly out, F5 (Line Drive, 56)
Top of the 4th over - 0 run(s), 0 hit(s), 0 error(s), 0 left on base; Memphis 0 - New Hampshire 1
BOTTOM OF THE 4TH
New Hampshire Fisher Cats batting - Pitching for Memphis Blues : LHP Esteban Peña
Batting: RHB Júlio Trinidad 0-0: Ball
1-0: Ball
2-0: Foul Ball, location: 2F
2-1: Called Strike
2-2: Foul Ball, location: 2F
2-2: Strikes out swinging
Batting: RHB Benjamin Lawson 0-0: Swinging Strike
0-1: Ball
1-1: Swinging Strike
1-2: Strikes out looking
Batting: RHB Tim Robertson 0-0: Called Strike
0-1: Ball
1-1: Called Strike
1-2: Ball
2-2: Ball
3-2: Foul Ball, location: 2F
3-2: Foul Ball, location: 2F
3-2: Strikes out looking
Bottom of the 4th over - 0 run(s), 0 hit(s), 0 error(s), 0 left on base; Memphis 0 - New Hampshire 1
TOP OF THE 5TH
Memphis Blues batting - Pitching for New Hampshire Fisher Cats : RHP Grady Connolly
Batting: RHB Javier Ramírez 0-0: Swinging Strike
0-1: Ball
1-1: Swinging Strike
1-2: Strikes out swinging
Batting: RHB Glenn Johnson 0-0: Called Strike
0-1: Foul Ball, location: 2F
0-2: Ball
1-2: Ball
2-2: Ball
3-2: Foul Ball, location: 2F
3-2: Strikes out swinging
Batting: LHB John Foster 0-0: Called Strike
0-1: Ball
1-1: Called Strike
1-2: Ball
2-2: Foul Ball, location: 2F
2-2: Strikes out looking
Top of the 5th over - 0 run(s), 0 hit(s), 0 error(s), 0 left on base; Memphis 0 - New Hampshire 1
BOTTOM OF THE 5TH
New Hampshire Fisher Cats batting - Pitching for Memphis Blues : LHP Esteban Peña
Batting: RHB Santiago Vallés 0-0: SINGLE (Groundball, 56D)
Batting: RHB Mitsuoki Taguchi 0-0: Ball
1-0: Foul Ball, location: 2F
1-1: Reached on error, E4 (Groundball, 4)
Santiago Vallés to second
Batting: RHB Felipe Rivas 0-0: Ball
1-0: Foul Ball, location: 2F
1-1: Grounds into double play, 3-6-3 (Groundball, 3)
Santiago Vallés to third
Batting: RHB Billy Campbell 0-0: Ground out 5-3 (Groundball, 5S)
Bottom of the 5th over - 0 run(s), 1 hit(s), 1 error(s), 1 left on base; Memphis 0 - New Hampshire 1
TOP OF THE 6TH
Memphis Blues batting - Pitching for New Hampshire Fisher Cats : RHP Grady Connolly
Pitching: RHP Dan Ford
Batting: RHB Artie Green 0-0: Called Strike
0-1: Ground out 3-1 (Groundball, 34S)
Batting: RHB David Crespo 0-0: Ground out 1-3 (Groundball, 23)
Batting: RHB Jorge Domínguez 0-0: Ball
1-0: Foul Ball, location: 2F
1-1: Foul Ball, location: 2F
1-2: Strikes out looking
Top of the 6th over - 0 run(s), 0 hit(s), 0 error(s), 0 left on base; Memphis 0 - New Hampshire 1
BOTTOM OF THE 6TH
New Hampshire Fisher Cats batting - Pitching for Memphis Blues : LHP Esteban Peña
Batting: RHB Chris Parker 0-0: Foul Ball, location: 2F
0-1: Ball
1-1: Foul Ball, location: 2F
1-2: Foul Ball, location: 2F
1-2: Fly out, F7 (Line Drive, 78S)
Batting: RHB Lu-fang Huie 0-0: Foul Ball, location: 2F
0-1: Ball
1-1: Ball
2-1: Swinging Strike
2-2: DOUBLE (Line Drive, 7D)
Batting: RHB Júlio Trinidad 0-0: Ball
1-0: Foul Ball, location: 2F
1-1: Swinging Strike
1-2: Strikes out swinging
Batting: RHB Benjamin Lawson 0-0: Ball
1-0: Ball
2-0: Called Strike
2-1: Ball
3-1: Foul Ball, location: 2F
3-2: Base on Balls
Pitching: RHP Lee Donahue
Batting: RHB Tim Robertson 0-0: Ball
1-0: Called Strike
1-1: Swinging Strike
1-2: Ball
2-2: Foul Ball, location: 2F
2-2: Foul Ball, location: 2F
2-2: Foul Ball, location: 2F
2-2: Ball
3-2: Foul Ball, location: 2F
3-2: SINGLE (Line Drive, 89S)
Lu-fang Huie to third
Benjamin Lawson to second
Lu-fang Huie scores
Benjamin Lawson to third
Batting: RHB Santiago Vallés 0-0: Called Strike
0-1: Ball
1-1: Foul Ball, location: 2F
1-2: Fly out, F5 (Line Drive, 5S)
Bottom of the 6th over - 1 run(s), 2 hit(s), 0 error(s), 2 left on base; Memphis 0 - New Hampshire 2
TOP OF THE 7TH
Memphis Blues batting - Pitching for New Hampshire Fisher Cats : RHP Dan Ford
Batting: RHB Cal Keys 0-0: Called Strike
0-1: Ball
1-1: Called Strike
1-2: Ball
2-2: Ball
3-2: Base on Balls
Batting: RHB Sadao Kato 0-0: Ball
1-0: Called Strike
1-1: Called Strike
1-2: Ball
2-2: Ball
3-2: Foul Ball, location: 2F
3-2: Reached on error, E5 (Groundball, 5)
Cal Keys to second
Batting: LHB Mel Jones 0-0: Grounds into double play, 5-4-3 (Groundball, 56)
Cal Keys to third
Batting: RHB Javier Ramírez 0-0: Ball
1-0: Called Strike
1-1: Called Strike
1-2: Foul Ball, location: 2F
1-2: Ball
2-2: Strikes out swinging
Top of the 7th over - 0 run(s), 0 hit(s), 1 error(s), 1 left on base; Memphis 0 - New Hampshire 2
BOTTOM OF THE 7TH
New Hampshire Fisher Cats batting - Pitching for Memphis Blues : RHP Lee Donahue
Batting: RHB Mitsuoki Taguchi 0-0: Ball
1-0: Ball
Single, Error in OF, E9, batter to second base
Batting: RHB Felipe Rivas 0-0: Ball
1-0: Called Strike
1-1: Foul Ball, location: 2F
1-2: Ball
2-2: Foul Ball, location: 2F
2-2: Ground out 6-3 (Groundball, 6)
Batting: RHB Billy Campbell 0-0: Ball
Mitsuoki Taguchi steals 3rd base
1-0: Ground out 1-3 (Groundball, 15)
Batting: RHB Chris Parker 0-0: Ball
1-0: Fly out, F9 (Flyball, 9M)
Bottom of the 7th over - 0 run(s), 1 hit(s), 1 error(s), 1 left on base; Memphis 0 - New Hampshire 2
TOP OF THE 8TH
Memphis Blues batting - Pitching for New Hampshire Fisher Cats : RHP Dan Ford
Pitching: LHP Steve Paredes
Batting: RHB Glenn Johnson 0-0: Ball
1-0: Ball
2-0: Ball
3-0: Called Strike
3-1: Foul Ball, location: 2F
3-2: Strikes out swinging
Batting: LHB John Foster 0-0: Ball
1-0: Called Strike
1-1: Ball
2-1: SINGLE (Line Drive, 8RS)
Pitching: RHP Takechi Sayuki
Batting: RHB Artie Green 0-0: Called Strike
0-1: Swinging Strike
0-2: Ball
1-2: Foul Ball, location: 2F
1-2: Ball
Wild Pitch!
John Foster to second
2-2: Strikes out swinging
Batting: RHB David Crespo 0-0: Called Strike
0-1: Ball
1-1: Ball
2-1: Ball
3-1: Foul Ball, location: 2F
3-2: Strikes out swinging
Top of the 8th over - 0 run(s), 1 hit(s), 0 error(s), 1 left on base; Memphis 0 - New Hampshire 2
BOTTOM OF THE 8TH
New Hampshire Fisher Cats batting - Pitching for Memphis Blues : RHP Lee Donahue
Batting: RHB Lu-fang Huie 0-0: Called Strike
0-1: SINGLE (Line Drive, 6MD)
Batting: RHB Júlio Trinidad 0-0: Grounds into double play, 5-4-3 (Groundball, 5)
Batting: RHB Benjamin Lawson 0-0: Called Strike
0-1: Foul Ball, location: 2F
0-2: Ball
1-2: Strikes out swinging
Bottom of the 8th over - 0 run(s), 1 hit(s), 0 error(s), 0 left on base; Memphis 0 - New Hampshire 2
TOP OF THE 9TH
Memphis Blues batting - Pitching for New Hampshire Fisher Cats : RHP Takechi Sayuki
Pitching: RHP António Ramírez
Batting: RHB Jorge Domínguez 0-0: Called Strike
0-1: Ground out 5-3 (Groundball, 56)
Batting: RHB Cal Keys 0-0: Foul Ball, location: 2F
0-1: Called Strike
0-2: Foul Ball, location: 2F
0-2: Ball
1-2: Ball
2-2: Strikes out swinging
Batting: RHB Sadao Kato 0-0: Ball
1-0: SINGLE (Groundball, 6MD)
Batting: LHB Mel Jones 0-0: Ball
1-0: Swinging Strike
1-1: Ball
2-1: Called Strike
2-2: Ground out 5-3 (Groundball, 5S)
Top of the 9th over - 0 run(s), 1 hit(s), 0 error(s), 1 left on base; Memphis 0 - New Hampshire 2
This league is powered by Out of the Park Baseball, the baseball management simulation game for PC, Mac and Linux
Saturday, April 9th, 2016 - OOTP Baseball 16.8 Build 38